 Dungeon Crawl Stone Soup version 0.18.1-50-g88ac8fd (webtiles) character file.

7292 Monkfish the Unseen (level 11, -1/64 HPs)
             Began as a Kobold Assassin on Oct 22, 2016.
             Was an Elder of Dithmenos.
             Slain by a killer bee (7 damage)
             ... on level 9 of the Dungeon.
             The game lasted 00:58:52 (10887 turns).

Monkfish the Unseen (Kobold Assassin)              Turns: 10887, Time: 00:58:52

Health: -1/64      AC:  9    Str: 12    XL:     11   Next: 34%
Magic:  11/11      EV: 14    Int:  9    God:    Dithmenos [****..]
Gold:   378        SH:  0    Dex: 19    Spells: 0 memorised, 10 levels left

rFire  . . .     SeeInvis +     u - +2 short sword (speed)
rCold  . . .     Gourm    .     B - troll hide
rNeg   . . .     Faith    .     (shield restricted)
rPois  .         Spirit   .     (no helmet)
rElec  .         Dismiss  .     d - +2 cloak
rCorr  .         Reflect  .     (no gloves)
SustAt .         Harm     .     r - +0 pair of boots
MR     .....                    (no amulet)
Stlth  ++++++++++               t - ring of see invisible
                                c - +3 ring of protection

@: lethally poisoned (-1 -> -12), wreathed by umbra, not resistant to hostile
enchantments, uncannily stealthy
A: carnivore 3
a: Shadow Step, Renounce Religion


You were on level 9 of the Dungeon.
You worshipped Dithmenos.
Dithmenos was greatly pleased with you.
You were full.

You visited 1 branch of the dungeon, and saw 10 of its levels.

You collected 573 gold pieces.
You spent 195 gold pieces at shops.

Inventory:

Hand Weapons
 b - a +0 blowgun
 p - a +1 antimagic short sword
 u - a +2 short sword of speed (weapon)
Missiles
 e - 3 poisoned needles (quivered)
 w - 3 needles of sleeping
Armour
 d - a +2 cloak (worn)
 r - a +0 pair of boots (worn)
 B - a troll hide (worn)
Jewellery
 c - a +3 ring of protection (left hand)
 o - an uncursed ring of stealth
 t - a ring of see invisible (right hand)
Wands
 l - a wand of paralysis (12/24)
Scrolls
 f - a scroll of teleportation
 h - 6 scrolls of remove curse
 i - a scroll of holy word
 y - a scroll of fog
Potions
 a - a potion of resistance
 j - a potion of invisibility
 n - 4 potions of cure mutation
 q - a potion of heal wounds {unknown}
 s - 3 potions of haste
 v - 2 potions of magic {unknown}
 A - 2 potions of flight {unknown}
Comestibles
 g - 6 meat rations
 k - 3 beef jerkies
 z - a royal jelly


   Skills:
 + Level 6.0 Fighting
 + Level 7.8 Short Blades
 + Level 9.5 Throwing
 - Level 1.2 Dodging
 * Level 17.0 Stealth


You had 10 spell levels left.
You didn't know any spells.

Dungeon Overview and Level Annotations

Branches:
Dungeon (10/15)            Temple (0/1) D:4
   Lair: D:8-11         Orc: D:9-12

Altars:
Cheibriados
Dithmenos
Elyvilon
Nemelex Xobeh
Qazlal
Sif Muna
Trog
Xom
Beogh

Shops:
D:5 }   D:6 [

Annotations:
D:6 exclusions: orc warrior and orc wizard
D:10 exclusions: eye of draining, two-headed ogre and unseen horror


Innate Abilities, Weirdness & Mutations

You are small and have problems with some larger weapons.
You are carnivorous and can eat meat at any time.


Message History

The killer bee stings you.
You are more poisoned.
The killer bee poisons you!
You climb upwards.
You feel very sick.
There is a stone staircase leading down here.
You feel sick. The killer bee closely misses you.
You feel sick. The killer bee stings you!
You are more poisoned.
The killer bee poisons you!
You feel very sick. The killer bee stings you.
* * * LOW HITPOINT WARNING * * *
The killer bee closely misses you.
You feel sick. The killer bee barely misses you.
The killer bee stings you but does no damage.
You feel sick. The killer bee stings you!
* * * LOW HITPOINT WARNING * * *
The killer bee stings you!
You die...

#.....# ###########
#....}#####..........
#........##..........
#.>...##.##..........
#.....##.##..........
#.....##..'..........
#.....#####........_.
#...yy# #........).
####@## ##########[
##.# #)))) ###..#
###(### #...## #..).#
###.###### #...)#
#.....<..# #....##
#........### #...)'.
#..........######....##
#........#......'....##


You could see 2 killer bees.

Vanquished Creatures
  Erolcha (D:9)
  A hill giant (D:10)
  A troll (D:10)
  10 yaks
  2 hungry ghosts
  Edmund (D:5)
  4 orc warriors
  3 ice beasts
  A black bear (D:9)
  2 wasps
  2 ogres (D:8)
  4 centaurs
  2 big kobolds (D:8)
  3 giant frogs
  A gnoll sergeant (D:8)
  A wyvern zombie (D:9)
  5 scorpions
  A water moccasin skeleton (D:7)
  10 killer bees
  A wight (D:7)
  A giant frog zombie (D:7)
  4 crimson imps
  A quasit (D:9)
  5 orc priests
  4 orc wizards
  6 hounds
  Crazy Yiuf (D:4)
  A jelly (D:10)
  A giant frog skeleton (D:8)
  2 iguanas
  7 worker ants
  3 hound zombies
  A hound skeleton (D:5)
  A worker ant zombie (D:3)
  A howler monkey skeleton (D:4)
  8 gnolls
  14 adders
  4 shadow imps
  An ooze (D:3)
  2 adder zombies
  3 adder skeletons
  2 worms
  5 dart slugs
  3 giant geckos
  62 orcs
  3 bats
  7 giant cockroaches
  2 goblins
  5 hobgoblins
  11 jackals
  7 quokkas
  7 giant newts
  A jackal skeleton (D:4)
  A jackal zombie (D:3)
  15 kobolds
  5 rats
263 creatures vanquished.

Vanquished Creatures (others)
  3 fungi
3 creatures vanquished.

Grand Total: 266 creatures vanquished

Notes
Turn   | Place    | Note
--------------------------------------------------------------
     0 | D:1      | Monkfish the Kobold Assassin began the quest for the Orb.
     0 | D:1      | Reached XP level 1. HP: 12/12 MP: 1/1
   159 | D:1      | Reached XP level 2. HP: 17/17 MP: 2/2
   201 | D:1      | Reached skill level 6 in Stealth
  1299 | D:2      | Reached XP level 3. HP: 21/21 MP: 3/3
  1683 | D:2      | Reached skill level 7 in Stealth
  1919 | D:3      | Found a white marble altar of Elyvilon.
  1919 | D:3      | Found a shimmering altar of Xom.
  1920 | D:3      | Found a deep blue altar of Sif Muna.
  1953 | D:3      | Reached XP level 4. HP: 27/27 MP: 4/4
  2027 | D:3      | Found a stormy altar of Qazlal.
  2130 | D:3      | Found a shadowy altar of Dithmenos.
  2231 | D:3      | Reached XP level 5. HP: 10/31 MP: 5/5
  2245 | D:3      | Reached skill level 8 in Stealth
  2292 | D:3      | Found a bloodstained altar of Trog.
  2482 | D:3      | Became a worshipper of Dithmenos the Shadowed
  2888 | D:4      | Found a staircase to the Ecumenical Temple.
  2961 | D:4      | Reached XP level 6. HP: 22/36 MP: 6/6
  3165 | D:4      | Reached skill level 9 in Stealth
  3256 | D:4      | Reached * piety under Dithmenos
  3393 | D:4      | Noticed Crazy Yiuf
  3546 | D:4      | Killed Crazy Yiuf
  3947 | D:5      | Entered Level 5 of the Dungeon
  3961 | D:5      | Reached XP level 7. HP: 40/40 MP: 7/7
  4002 | D:5      | Noticed Edmund
  4062 | D:5      | Killed Edmund
  4062 | D:5      | Reached skill level 10 in Stealth
  4598 | D:5      | Found Qulewo's Gadget Shoppe.
  4621 | D:5      | Reached skill level 5 in Throwing
  4621 | D:5      | Reached XP level 8. HP: 46/46 MP: 8/8
  4694 | D:5      | Bought a wand of paralysis (13/24) for 195 gold pieces
  5282 | D:6      | Reached ** piety under Dithmenos
  5559 | D:6      | Found Naxez's Armour Boutique.
  6069 | D:7      | Reached skill level 11 in Stealth
  6091 | D:7      | Reached skill level 5 in Short Blades
  6211 | D:7      | Found a sparkling altar of Nemelex Xobeh.
  6619 | D:7      | Reached XP level 9. HP: 28/52 MP: 9/9
  7319 | D:8      | Reached *** piety under Dithmenos
  7320 | D:8      | Reached skill level 12 in Stealth
  7785 | D:8      | Found a snail-covered altar of Cheibriados.
  8125 | D:8      | Identified a scroll of acquirement
  8377 | D:8      | Reached skill level 13 in Stealth
  8585 | D:8      | Reached XP level 10. HP: 53/58 MP: 10/10
  8673 | D:9      | Reached skill level 5 in Fighting
  8885 | D:9      | Reached skill level 14 in Stealth
  8889 | D:9      | Reached **** piety under Dithmenos
  9215 | D:9      | Noticed Erolcha
  9217 | D:9      | Killed Erolcha
  9217 | D:9      | Reached skill level 15 in Stealth
  9496 | D:9      | Found a roughly hewn altar of Beogh.
  9564 | D:10     | Entered Level 10 of the Dungeon
  9615 | D:10     | Reached skill level 16 in Stealth
  9615 | D:10     | Reached XP level 11. HP: 25/64 MP: 11/11
  9843 | D:10     | Noticed a hill giant
  9845 | D:10     | Killed a hill giant
 10100 | D:10     | Noticed an unseen horror
 10878 | D:10     | Reached skill level 17 in Stealth
 10887 | D:9      | Slain by a killer bee

Skill      XL: |  1  2  3  4  5  6  7  8  9 10 11 |
---------------+----------------------------------+-----
Stealth        | 6 7 8 9 10 11 13 16 17 | 17.0
Short Blades   | 3 4 5 6 7 |  7.8
Throwing       | 4 5 6 7 8 9 |  9.5
Fighting       | 3 4 5 6 |  6.0
Dodging        | |  1.2

Action                   |  1- 3 |  4- 6 |  7- 9 | 10-12 || total
-------------------------+-------+-------+-------+-------++-------
Melee: Dagger            |    53 |    11 |       |       ||    64
       Short sword       |       |   135 |   452 |   196 ||   783
 Fire: Blowgun           |     5 |    52 |   122 |    95 ||   274
Invok: Shadow Step       |       |       |       |     1 ||     1
Evoke: Wand              |       |       |     1 |       ||     1
  Use: Scroll            |     9 |     6 |     9 |     1 ||    25
       Potion            |     2 |     4 |     5 |     4 ||    15
 Stab: Sleeping          |    13 |     8 |    27 |    31 ||    79
       Invisible         |       |       |     5 |       ||     5
       Distracted        |       |       |       |     1 ||     1
  Eat: Chunk             |     6 |    11 |    12 |    10 ||    39
       Meat ration       |       |       |     1 |       ||     1
Armor: Robe              |     6 |       |       |       ||     6
       Leather armour    |     7 |    34 |    92 |    23 ||   156
       Troll hide        |       |       |       |    22 ||    22
Dodge: Dodged            |    29 |    81 |   294 |   143 ||   547
